 Dungeon Crawl Stone Soup version 0.30-a0-879-ga8ba668304 (webtiles) character file.

Game seed: 2883920408600088941

66 cforsyth the Trooper (level 4, -6/38 HPs)
             Began as a Barachi Fighter on Mar 13, 2023.
             Killed from afar by Sigmund (12 damage)
             ... with a puff of flame
             ... on level 2 of the Dungeon.
             The game lasted 00:00:54 (956 turns).

cforsyth the Trooper (Barachi Fighter)               Turns: 956, Time: 00:00:54

Health: -6/38      AC:  7    Str: 19    XL:     4   Next: 15%
Magic:  4/4        EV:  9    Int:  9    God:
Gold:   76         SH:  4    Dex: 11    Spells: 3/3 levels left

rFire   . . .      SeeInvis .    a - +0 war axe
rCold   . . .      Faith    .    c - +0 buckler
rNeg    . . .      Spirit   .    b - +0 scale mail
rPois   .          Reflect  .    (no helmet)
rElec   .          Rampage  .    (no cloak)
rCorr   .                        (no gloves)
Will    .....                    (no boots) Stlth
                                 (no amulet)
HPRegen 0.26/turn                (no ring)
MPRegen 0.09/turn                (no ring)

@: slow
A: amphibious, slowness 1, strong legs 1, +LOS
a: Hop


You were on level 2 of the Dungeon.
You visited 1 branch of the dungeon, and saw 2 of its levels.

You collected 76 gold pieces.

Inventory:

Hand Weapons
 a - a +0 war axe (weapon)
Armour
 b - a +0 scale mail (worn)
 c - a +0 buckler (worn)
Wands
 j - a wand of flame (12)
Scrolls
 e - 2 scrolls of identify {unknown}
 g - 2 scrolls of enchant weapon {unknown}
Potions
 d - a potion of might
 f - 2 potions of haste {unknown}
 h - a potion of degeneration {unknown}
 i - a potion of mutation {unknown}


   Skills:
 + Level 4.3 Fighting
 + Level 2.9 Axes
 + Level 4.3 Armour
 + Level 3.9 Shields


You had 3 spell levels left.
You didn't know any spells.
Your spell library was empty.

Dungeon Overview and Level Annotations

Branches:
Dungeon (2/15)

Altars:

Annotations:
D:2 Sigmund


Innate Abilities, Weirdness & Mutations

You are amphibious.
You cover ground slowly.
You can hop short distances.
You have an extended range of vision and can be seen from far away.


Message History

You slash the goblin!
You kill the goblin!
You block something's attack.
No target in view!
No target in view!
No target in view!
No target in view!
No target in view!
No target in view!
A rat comes into view.
You see here a +0 club.
You barely miss something. Something hits you.
You miss something. Something hits you.
You closely miss something. You barely miss the rat. Something hits you!
The rat bites you but does no damage.
You barely miss something. You barely miss the rat. The rat closely misses you.
Something hits you but does no damage.
You hit something but do no damage. You barely miss the rat.
The rat bites you but does no damage. Something hits you but does no damage.
The rat bites you but does no damage.
You slash something! You slash the rat!
You kill the rat!
Something hits you but does no damage.
You hit something. Something hits you.
You hit something. Something hits you.
You miss something. Something hits you!
* * * LOW HITPOINT WARNING * * *
You miss something.
You hear some strange, mumbled words.
Something tries to affect you, but you resist.
You hit something but do no damage. Something hits you but does no damage.
You closely miss something. Something hits you.
* * * LOW HITPOINT WARNING * * *
You closely miss something. Something hits you but does no damage.
You closely miss something. Something hits you but does no damage.
You barely miss something.
You hear some strange, mumbled words.
A puff of flame appears from out of thin air!
The puff of flame hits you!
You die...

#........# #....####
########+## #....# #
#.....#######....# #
+.....#.....#....####
#....$#.....#........
#.....#.....##'##....
#.....#.....##.##....
#.....#.....##.##...)
+...@.'.....'..##....
#..{..#.....##.##....
#.....+......#.##....
#.#####......#.##....
#. ........#.##.... .
#.######.#....... #
... ......... ..
##.....## .. ......


There were no monsters in sight!

Vanquished Creatures
  Jessica (D:2)
  An adder (D:2)
  A worm (D:2)
  4 bats
  4 endoplasms
  3 giant cockroaches
  6 goblins
  2 hobgoblins (D:1)
  A ball python (D:2)
  2 frilled lizards
  A kobold (D:1)
  A rat (D:2)
27 creatures vanquished.

Notes
Turn   | Place    | Note
-------+----------+-------------------------------------------
     0 | D:1      | cforsyth the Barachi Fighter began the quest for the Orb.
     0 | D:1      | Reached XP level 1. HP: 18/18 MP: 1/1
   158 | D:1      | Found a faded altar of an unknown god.
   182 | D:1      | Reached XP level 2. HP: 25/25 MP: 2/2
   670 | D:2      | Noticed Jessica
   673 | D:2      | Killed Jessica
   674 | D:2      | Reached XP level 3. HP: 30/30 MP: 3/3
   827 | D:2      | Reached XP level 4. HP: 38/38 MP: 4/4
   934 | D:2      | Noticed Sigmund
   956 | D:2      | Killed from afar by Sigmund

Illustrated notes

Levels and vault maps discovered:
D:1:      mushboom_english_gardens, layout_loops_ring,
          chequers_ecumenical_altar_island
D:2:      layout_basic, uniq_crazy_yiuf_cottage, uniq_jessica, uniq_sigmund

Skill      XL: |  1  2 |
---------------+-------+-----
Fighting       | 4 |  4.3
Armour         | 4 |  4.3
Axes           | |  2.9
Shields        | |  3.9

Action                     |  1- 3 |  4- 6 || total
---------------------------+-------+-------++-------
  Melee: War axe           |    53 |    21 ||    74
 Armour: Scale mail        |    34 |    12 ||    46
  Dodge: Dodged            |    28 |     3 ||    31
  Block: Buckler           |    13 |     2 ||    15

Table legend: (Time is in decaauts)
 A = Elapsed time spent in this place.
 B = Non-inter-level travel time spent in this place.
 C = Inter-level travel time spent in this place.
 D = Time resting spent in this place.
 E = Time spent auto-exploring this place.
 F = Levels seen in this place.
 G = Mean time per level.
                   A        B        C        D        E       F      G
               +--------+--------+--------+--------+--------+-----+--------+
         Total |   1133 |   1076 |     57 |      0 |    877 |   2 |  566.5 |
       Dungeon |   1133 |   1076 |     57 |      0 |    877 |   2 |  566.5 |
               +--------+--------+--------+--------+--------+-----+--------+

Top non-repeatable levels by time:
     D:1: 769 daAuts
     D:2: 363 daAuts
